 Dungeon Crawl Stone Soup version 0.30.0-3-ga4e48a9924 (webtiles) character file.

Game seed: 15749006095714979546

8003 adizb the Fighter (level 11, -10/74 (101) HPs)
             Began as a Grey Draconian Fighter on May 7, 2023.
             Was a Priest of Vehumet.
             Mangled by Harold
             ... wielding a +0 battleaxe of draining
              (18 damage)
             ... on level 10 of the Dungeon.
             The game lasted 01:05:34 (9879 turns).

adizb the Fighter (Grey Draconian Fighter)          Turns: 9879, Time: 01:05:35

HP:   -10/74 (101)  AC: 21    Str: 18    XL:     11   Next: 4%
MP:   17/17         EV: 13    Int: 12    God:    Vehumet [***...]
Gold: 38            SH:  6    Dex: 12    Spells: 5/19 levels left

rFire   + . .        s - +2 hammer (holy)
rCold   + . .        b - +0 buckler
rNeg    . . .        (body armour unavailable)
rPois   +            (helmet restricted)
rElec   +            n - +1 cloak
rCorr   +            x - +0 pair of gloves
SInv    +            M - +1 pair of boots {Fly}
Will    .....        m - amulet of magic regeneration
Stlth   +            u - ring of see invisible
HPRegen 0.32/turn    I - +4 ring of protection
MPRegen 0.55/turn

%: no passive effects
@: resistant, marked, flying, hasted, very heavily drained, very quick
A: AC +12, amphibious, unfitting armour, cold-blooded
a: Renounce Religion


You were on level 10 of the Dungeon.
You worshipped Vehumet.
Vehumet was most pleased with you.
You visited 2 branches of the dungeon, and saw 11 of its levels.

You collected 483 gold pieces.
You spent 445 gold pieces at shops.

Inventory:

Hand Weapons
 i - a +4 quarterstaff of chaos
 l - a +2 spear of venom
 s - a +2 hammer of holy wrath (weapon)
 F - a +2 heavy falchion
Armour
 b - a +0 buckler (worn)
 n - a +1 cloak (worn)
 x - a +0 pair of gloves (worn)
 M - a +1 pair of boots of flying (worn)
Magical Staves
 K - a staff of death
Jewellery
 c - a ring of poison resistance
 m - an amulet of magic regeneration (around neck)
 u - a ring of see invisible (left hand)
 C - an amulet of guardian spirit
 I - a +4 ring of protection (right hand)
Wands
 y - a wand of flame (25)
 H - a wand of charming (14)
 L - a wand of digging (4)
Scrolls
 d - a scroll of magic mapping
 f - a scroll of enchant weapon
 g - 4 scrolls of brand weapon
 k - 2 scrolls of silence
 p - a scroll of blinking
 v - 2 scrolls of amnesia
 z - a scroll of fog
 A - a scroll of enchant armour
 E - a scroll of poison
Potions
 a - a potion of invisibility {unknown}
 e - 3 potions of haste
 q - a potion of flight
 r - 2 potions of ambrosia
 t - 2 potions of lignification
 w - 2 potions of brilliance
 B - a potion of mutation {unknown}
 J - 2 potions of cancellation


   Skills:
 + Level 10.8 Fighting
 - Level 2.0(3.3) Axes
 * Level 2.9(4.0) Maces & Flails
 - Level 2.5(3.7) Polearms
 - Level 3.2(4.2) Staves
 + Level 5.6 Dodging
 + Level 7.8 Shields
 + Level 4.6 Spellcasting
 + Level 4.3 Conjurations
 - Level 3.0 Necromancy
 + Level 1.4 Translocations
 - Level 3.0 Air Magic
 + Level 1.7 Poison Magic
 - Level 2.9 Evocations


You had 5 spell levels left.
You knew the following spells:

 Your Spells              Type           Power      Damage    Failure   Level
a - Swiftness             Air            9%         N/A       22%         3
b - Magic Dart            Conj           52%        1d5       1%          1
c - Dispel Undead         Necr           10%        3d9       56%         4
d - Shock                 Conj/Air       44%        1d5       1%          1
e - Momentum Strike       Conj/Tloc      18%        3d8       3%          2
f - Mephitic Cloud        Conj/Pois/Air  10%        N/A       6%          3

Your spell library contained the following spells:

 Spells                   Type           Power      Damage    Failure   Level
 Cigotuvi's Dreadful Rot  Necr/Pois/Air  16%        N/A       13%         2
 Airstrike                Air            4%         2d(1-17)  19%         4
 Gell's Gravitas          Tloc           6%         N/A       38%         3
 Teleport Other           Tloc           6%         N/A       38%         3
 Portal Projectile        Hex/Tloc       8%         N/A       50%         3
 Tukima's Dance           Hex            2%         N/A       58%         3
 Cause Fear               Hex            1%         N/A       94%         4
 Summon Ice Beast         Ice/Summ       2%         N/A       94%         4
 Blade Hands              Tmut           1%         N/A       100%        5
 Summon Mana Viper        Hex/Summ       2%         N/A       100%        5
 Conjure Ball Lightning   Conj/Air       5%         3x3d6     87%         6
 Death Channel            Necr           5%         N/A       100%        6
 Dispersal                Tloc           3%         N/A       100%        6
 Monstrous Menagerie      Summ           1%         N/A       100%        7
 Chain Lightning          Conj/Air       5%         3d7       100%        9


Dungeon Overview and Level Annotations

Branches:
Dungeon (10/15)            Temple (1/1) D:4             Orc (0/2) D:10
   Lair: D:8-11

Altars:
Ashenzari
Cheibriados
Dithmenos
Elyvilon
Fedhas
Gozag
Hepliaklqana
Kikubaaqudgha
Makhleb
Nemelex Xobeh
Okawaru
Qazlal
Ru
Sif Muna
Trog
Uskayaw
Vehumet
Wu Jian
Xom
Yredelemnul
Zin
The Shining One

Shops:
D:10 ((?*[

Annotations:
D:10 Harold


Innate Abilities, Weirdness & Mutations

Your dull iron-grey scales are very hard. (AC +12)
You are amphibious.
You cannot fit into any form of body armour.
You are cold-blooded and may be slowed by cold attacks.


Message History

Harold is severely wounded.
Harold casts a spell at you. The mark upon you grows brighter.
You hit Harold.
Harold is severely wounded.
Harold gestures at you while chanting. The mark upon you grows brighter.
You hit Harold.
Harold is severely wounded.
Harold hits you but does no damage.
You feel drained.
You barely miss Harold.
Harold is severely wounded.
You hit Harold.
Harold is almost dead.
You block Harold's attack.
You hit Harold but do no damage. You tail-slap Harold.
Harold is almost dead.
Harold points at you and mumbles some strange words.
You barely resist. You hit Harold but do no damage.
Harold is almost dead.
Harold misses you.
You hit Harold but do no damage.
Harold is almost dead.
A yak comes into view.
Harold hits you with a +0 battleaxe of draining!
* * * LOW HITPOINT WARNING * * *
You feel drained.
* * * LOW HITPOINT WARNING * * *
You feel better.
You feel protected.
A yak comes into view.
Harold casts a spell at you. The mark upon you grows brighter.
You hit Harold.
Harold is almost dead.
The orc wizard points at you and mumbles some strange words.
The puff of flame hits you but does no damage.
Harold hits you with a +0 battleaxe of draining!!
You die...

#.# #.# #)# #.# ##.#
#.# ## ...# #.## ##.##
...#### ##..######...##
#.#...###.)...........#
#...#..#..#...#.Y....#
#..###...###...@o...##
#...#..#..#....#@#..##
#.#...###...#..#∩#...#
#....## ##.....###..#.#
###...###...#......#.##
##..#..#..#.........##
#..###...###..#######
#...#..#..#...#
#.....##....#.#
#...####.####.#


You could see Harold, a yak and an orc wizard.

Vanquished Creatures
  Josephine (D:10)
  Pikel (D:8)
  Maggie (D:10)
  Joseph (D:9)
  An unseen horror (D:10)
  Sigmund (D:5)
  4 yaks (D:9)
  7 wraiths (D:10)
  Grum (D:8)
  6 orc warriors
  A sky beast (D:4)
  An ice beast (D:8)
  2 ogres
  2 wolves
  6 centaurs
  3 kobold brigands
  A bullfrog (D:6)
  4 scorpions
  4 wights
  5 killer bees (D:8)
  5 howler monkeys
  5 hounds
  A jelly (D:5)
  A gnoll bouda (D:9)
  10 orc priests
  Crazy Yiuf (D:4)
  Jessica (D:2)
  9 iguanas
  Natasha (thrice) (D:2)
  14 orc wizards
  11 gnolls
  3 adders
  3 white imps
  An ufetubus (D:5)
  A worm (D:4)
  5 dart slugs
  39 orcs
  5 ball pythons
  7 bats
  7 endoplasms
  6 giant cockroaches
  9 goblins
  4 hobgoblins
  2 jackals (D:5)
  22 kobolds
  6 frilled lizards
  5 rats
239 creatures vanquished.

Vanquished Creatures (others)
  4 fungi (D:2)
  8 plants
12 creatures vanquished.

Grand Total: 251 creatures vanquished

Notes
Turn   | Place    | Note
-------+----------+-------------------------------------------
     0 | D:1      | adizb the Draconian Fighter began the quest for the Orb.
     0 | D:1      | Reached XP level 1. HP: 19/19 MP: 1/1
   276 | D:1      | Reached XP level 2. HP: 27/27 MP: 2/2
   344 | D:1      | Reached skill level 4 in Fighting
   432 | D:1      | Reached skill level 1 in Polearms
   454 | D:1      | Reached XP level 3. HP: 32/33 MP: 3/3
   610 | D:2      | Noticed Natasha
   614 | D:2      | Killed Natasha
   658 | D:2      | Noticed Jessica
   661 | D:2      | Killed Jessica
   662 | D:2      | Reached XP level 4. HP: 26/41 MP: 4/4
   689 | D:2      | Noticed Natasha
   699 | D:2      | Killed Natasha
   888 | D:2      | Noticed Natasha
   893 | D:2      | Found a faded altar of an unknown god.
   902 | D:2      | Killed Natasha
   903 | D:2      | Reached skill level 5 in Fighting
   903 | D:2      | Reached XP level 5. HP: 42/48 MP: 5/5
  2152 | D:4      | Reached skill level 6 in Fighting
  2152 | D:4      | Reached XP level 6. HP: 40/57 MP: 6/6
  2219 | D:4      | Noticed a sky beast
  2233 | D:4      | Killed a sky beast
  2534 | D:4      | Found a runed translucent door.
  2535 | D:4      | Noticed Crazy Yiuf
  2548 | D:4      | Killed Crazy Yiuf
  2549 | D:4      | Reached skill level 7 in Fighting
  2549 | D:4      | Your scales start taking on a dull iron-grey colour.
  2549 | D:4      | Reached XP level 7. HP: 59/66 MP: 7/7
  2601 | D:4      | You fall into a shaft and drop 2 floors!
  2613 | D:6      | Reached skill level 5 in Shields
  2657 | D:6      | HP: 3/67 [orc warrior/+0 dire flail (12)]
  2666 | D:6      | Reached skill level 8 in Fighting
  2700 | D:5      | Entered Level 5 of the Dungeon
  2914 | D:4      | Found a staircase to the Ecumenical Temple.
  2928 | Temple   | Entered the Ecumenical Temple
  3535 | Temple   | Became a worshipper of Vehumet
  3843 | D:5      | Learned a level 3 spell: Swiftness
  3853 | D:5      | Reached skill level 1 in Spellcasting
  3853 | D:5      | Reached XP level 8. HP: 50/75 MP: 9/9
  4222 | D:5      | Reached skill level 1 in Air Magic
  4310 | D:5      | Noticed Sigmund
  4318 | D:5      | Killed Sigmund
  4319 | D:5      | Reached skill level 9 in Fighting
  4741 | D:6      | Reached * piety under Vehumet
  4741 | D:6      | Offered knowledge of Magic Dart by Vehumet.
  4744 | D:6      | Learned a level 1 spell: Magic Dart
  5007 | D:6      | Got the Writings on the Lungs and Ill Luck
  5225 | D:7      | Reached skill level 1 in Conjurations
  5225 | D:7      | Reached XP level 9. HP: 77/84 MP: 12/12
  5744 | D:8      | Reached skill level 1 in Staves
  5744 | D:8      | Reached skill level 1 in Necromancy
  5808 | D:8      | Learned a level 4 spell: Dispel Undead
  5863 | D:8      | Offered knowledge of Scorch by Vehumet.
  6169 | D:8      | Reached skill level 10 in Fighting
  6215 | D:8      | Reached ** piety under Vehumet
  6280 | D:8      | Noticed Grum
  6348 | D:8      | Noticed a death yak
  6349 | D:8      | Noticed a death yak
  6362 | D:8      | Noticed Pikel
  6577 | D:8      | Killed Pikel
  6578 | D:8      | Reached skill level 1 in Evocations
  6742 | D:8      | Noticed a death yak
  6962 | D:8      | Noticed a death yak
  6962 | D:8      | Noticed a death yak
  7040 | D:8      | Killed Grum
  7192 | D:8      | Noticed a death yak
  7192 | D:8      | Noticed a death yak
  7395 | D:9      | Reached XP level 10. HP: 37/93 MP: 15/15
  7743 | D:9      | Noticed Joseph
  7778 | D:9      | Killed Joseph
  8259 | D:9      | Found a shimmering blue altar of Sif Muna.
  8385 | D:9      | Offered knowledge of Momentum Strike by Vehumet.
  8471 | D:9      | Reached skill level 5 in Dodging
  8813 | D:10     | Entered Level 10 of the Dungeon
  8813 | D:10     | Found Umaonkiu's Assorted Antiques.
  8818 | D:10     | Bought a scroll of identify for 52 gold pieces
  8818 | D:10     | Bought a scroll of identify for 52 gold pieces
  8818 | D:10     | Bought a scroll of identify for 52 gold pieces
  8839 | D:10     | Found Nynofeq's Magic Scroll Shoppe.
  8845 | D:10     | Bought a scroll of identify for 34 gold pieces
  8845 | D:10     | Bought a scroll of identify for 34 gold pieces
  8845 | D:10     | Bought a scroll of identify for 34 gold pieces
  8853 | D:10     | Noticed Maggie
  8857 | D:10     | Learned a level 1 spell: Shock
  8860 | D:10     | Learned a level 2 spell: Momentum Strike
  8882 | D:10     | Found a staircase to the Orcish Mines.
  8936 | D:10     | Reached *** piety under Vehumet
  9052 | D:10     | Noticed Harold
  9138 | D:10     | Noticed Josephine
  9141 | D:10     | Upgraded the game from 0.30.0 to 0.30.0-3-ga4e48a9924
  9355 | D:10     | Offered knowledge of Mephitic Cloud by Vehumet.
  9360 | D:10     | Learned a level 3 spell: Mephitic Cloud
  9387 | D:10     | Reached skill level 1 in Maces & Flails
  9403 | D:10     | Found Mute's Antique Armour Boutique.
  9406 | D:10     | Bought a pair of runed boots for 187 gold pieces
  9503 | D:10     | Found Pukhis's Weapon Shop.
  9611 | D:10     | Found Ynuroygi's Weapon Shoppe.
  9663 | D:10     | Killed Maggie
  9664 | D:10     | Reached skill level 1 in Poison Magic
  9713 | D:10     | Killed Josephine
  9714 | D:10     | Reached skill level 1 in Translocations
  9735 | D:10     | Reached XP level 11. HP: 38/101 MP: 17/17
  9876 | D:10     | HP: 2/74 [Harold/+0 battleaxe of draining (2)]
  9879 | D:10     | Mangled by Harold

Illustrated notes

Levels and vault maps discovered:
D:1:      dpeg_arrival_erosion, layout_basic, minmay_misc_feat_pillars,
          amethyst_killhole
D:2:      minmay_wonky_spiral, layout_loops_ring,
          shapermc_ecumenical_altar_mp_urbaneastern,
          minmay_fractal_squares_gapless_5, uniq_natasha, uniq_jessica
D:3:      layout_loops_ring, st_stairs_10
D:4:      minmay_angry_zag, layout_rooms, temple_doors_e,
          uniq_crazy_yiuf_cottage
D:5:      layout_basic, grunt_ministairs_11, uniq_sigmund
D:6:      layout_basic
D:7:      layout_rooms, minmay_lizard_king
D:8:      layout_loops_ring, dpeg_lair_monsters, bh_walls_and_bars, uniq_pikel,
          uniq_grum
D:9:      layout_stronghold, mainiacjoe_overflow_24_doors, uniq_joseph
D:10:     layout_loops_ring, serial_shops, nicolae_shop_bloodbath_and_beyond,
          kennysheep_mini_moat, shop_fountains, shop_statue, shop,
          minmay_strange_pillars, chequers_arboretum, minivault_23,
          minivault_26, kennysheep_generic_room_4, uniq_harold, uniq_josephine,
          uniq_maggie
Temple:   mainiacjoe_temple_starburst

Skill      XL: |  1  2  3  4  5  6  7  8  9 10 |
---------------+-------------------------------+-----
Fighting       | 4 5 6 7 8 9 10 | 10.8
Polearms       | 1 2 |  2.5
Shields        | 4 5 6 7 |  7.8
Dodging        | 3 4 5 |  5.6
Spellcasting   | 1 2 3 4 |  4.6
Air Magic      | 2 3 |  3.0
Conjurations   | 1 2 4 |  4.3
Staves         | 2 3 |  3.2
Necromancy     | 2 3 |  3.0
Evocations     | 1 2 |  2.9
Maces & Flails | 2 |  2.9
Poison Magic   | 1 |  1.7
Translocations | 1 |  1.4
Axes           | |  2.0

Action                     |  1- 3 |  4- 6 |  7- 9 | 10-12 || total
---------------------------+-------+-------+-------+-------++-------
  Melee: Spear             |    48 |   138 |   342 |    82 ||   610
         War axe           |     2 |       |       |       ||     2
         Tailslap          |     2 |    11 |    82 |    80 ||   175
         Staff             |       |       |   214 |   113 ||   327
         Mace              |       |       |    13 |   222 ||   235
  Throw: Throwing net      |       |       |       |     1 ||     1
   Cast: Magic Dart        |       |       |    13 |    35 ||    48
         Swiftness         |       |       |     1 |     1 ||     2
         Shock             |       |       |       |     9 ||     9
         Mephitic Cloud    |       |       |       |     2 ||     2
    Use: Scroll            |       |     8 |    12 |     9 ||    29
         Potion            |       |       |     5 |     6 ||    11
   Stab: Sleeping          |       |     2 |     3 |       ||     5
         Held in net/web   |       |       |       |     1 ||     1
 Armour: Skin              |     6 |    29 |   174 |   218 ||   427
  Dodge: Dodged            |    14 |    40 |   313 |   257 ||   624
  Block: Buckler           |     7 |    15 |   114 |   111 ||   247
